 Dungeon Crawl Stone Soup version 0.28.0 (webtiles) character file.

Game seed: 15586930017670160013

95 hikkokomori the Shield-Bearer (level 4, -4/37 HPs)
             Began as a Formicid Fighter on Feb 15, 2022.
             Slain by Jessica (7 damage)
             ... on level 3 of the Dungeon.
             The game lasted 00:02:38 (2377 turns).

hikkokomori the Shield-Bearer (Formicid Fighter)    Turns: 2377, Time: 00:02:38

Health: -4/37      AC:  7    Str: 23    XL:     4   Next: 95%
Magic:  4/4        EV:  9    Int:  7    God:
Gold:   177        SH:  4    Dex: 10    Spells: 3/3 levels left

rFire   . . .      SeeInvis +   a - +1 war axe
rCold   . . .      Faith    .   c - +0 buckler
rNeg    . . .      Spirit   .   b - +0 scale mail
rPois   +          Reflect  .   (helmet unavailable)
rElec   .          Harm     .   (no cloak)
rCorr   .          Rampage  .   (no gloves)
Will    .....                   (no boots)
Stlth   ..........              (no amulet)
HPRegen 0.12/turn               n - ring of poison resistance
MPRegen 0.09/turn               (no ring)

@: no status effects
A: permanent stasis, dig shafts and tunnels, antennae 3, four strong arms
a: Dig, Shaft Self


You were on level 3 of the Dungeon.
You visited 1 branch of the dungeon, and saw 3 of its levels.

You collected 177 gold pieces.

Inventory:

Hand Weapons
 a - a +1 war axe (weapon)
Armour
 b - a +0 scale mail (worn)
 c - a +0 buckler (worn)
Jewellery
 n - a ring of poison resistance (left hand)
Scrolls
 e - a scroll of holy word {unknown}
 f - a scroll of teleportation {unknown}
 h - a scroll of amnesia {unknown}
 j - a scroll of enchant weapon
 k - 2 scrolls of fog
 l - a scroll of blinking {unknown}
 o - 2 scrolls of noise {unknown}
 p - a scroll of identify
Potions
 d - a potion of might
 g - a potion of heal wounds
 i - 2 potions of curing
 m - a potion of brilliance


   Skills:
 + Level 4.0 Fighting
 + Level 2.8 Axes
 + Level 4.0 Armour
 + Level 4.5 Shields


You had 3 spell levels left.
You didn't know any spells.
Your spell library was empty.

Dungeon Overview and Level Annotations

Branches:
Dungeon (3/15)

Altars:
Ashenzari
Fedhas
Makhleb
Qazlal
Zin

Shops:
D:2 (

Annotations:
D:3 Jessica


Innate Abilities, Weirdness & Mutations

You cannot be hasted, slowed, berserked, paralysed or teleported.
You can dig through walls and to a lower floor.
You have a pair of large antennae on your head. (SInv)
Your four strong arms can wield two-handed weapons with a shield.


Message History

You block Jessica's attack. Jessica barely misses you.
You closely miss Jessica.
Jessica is severely wounded.
Jessica hits you but does no damage.
Jessica casts a spell.
Jessica blinks!
Jessica hits you with a +1 dagger of speed.
* * * LOW HITPOINT WARNING * * *
You barely miss Jessica.
Jessica is severely wounded.
Jessica hits you but does no damage.
Jessica drinks a potion.
Jessica is healed!
You barely miss Jessica.
Jessica hits you with a +1 dagger of speed.
* * * LOW HITPOINT WARNING * * *
Jessica looks very angry.
Jessica hits you but does no damage.
You barely miss Jessica. Jessica barely misses you.
Jessica says, "Why did you come here?" Jessica closely misses you.
You closely miss Jessica. Jessica completely misses you.
Jessica hits you but does no damage.
You hit Jessica but do no damage. Jessica hits you but does no damage.
Jessica gestures wildly while chanting.
Jessica blinks!
You barely miss Jessica. Jessica barely misses you.
You barely miss Jessica. Jessica gestures at you while chanting.
Pain shoots through your body!
* * * LOW HITPOINT WARNING * * *
Jessica hits you but does no damage.
You hit Jessica.
Jessica is moderately wounded.
Jessica hits you with a +1 dagger of speed.
* * * LOW HITPOINT WARNING * * *
You block Jessica's attack.
You closely miss Jessica.
Jessica is moderately wounded.
Jessica hits you with a +1 dagger of speed!
You die...

............<....#
).>........#.###.#
.......(.#.#.#
.#.....#.#.#.#
.#######.#.#.# .#
#.###.# .# {#_#{###
.## ##################
..###.##2#.....@@....#
>..##.####.#########.#
...........# ..
...##.###### ##
..###.# .## #.# .# #.#
.# #.# .# #.#


You could see Jessica.

Vanquished Creatures
  2 adders (D:2)
  3 worms (D:2)
  A dart slug (D:1)
  An orc (D:3)
  9 endoplasms
  3 giant cockroaches
  5 goblins
  6 hobgoblins
  4 jackals (D:1)
  5 ball pythons
  7 bats
  5 frilled lizards
  5 kobolds
  3 rats (D:1)
59 creatures vanquished.

Notes
Turn   | Place    | Note
-------+----------+-------------------------------------------
     0 | D:1      | hikkokomori the Formicid Fighter began the quest for the
                  | Orb.
     0 | D:1      | Reached XP level 1. HP: 18/18 MP: 1/1
    17 | D:1      | Noticed a bullfrog
    99 | D:1      | Reached XP level 2. HP: 13/24 MP: 2/2
   511 | D:1      | Reached XP level 3. HP: 28/29 MP: 3/3
  1335 | D:2      | Found Ventujyo's Weapon Boutique.
  1352 | D:2      | Reached XP level 4. HP: 25/37 MP: 4/4
  2112 | D:3      | Found a burning altar of Makhleb.
  2112 | D:3      | Noticed a balrug
  2187 | D:3      | Found a stormy altar of Qazlal.
  2241 | D:3      | Found a broken altar of Ashenzari.
  2244 | D:3      | Found a glowing silver altar of Zin.
  2279 | D:3      | Found a blossoming altar of Fedhas.
  2356 | D:3      | Noticed Jessica
  2377 | D:3      | Slain by Jessica

Illustrated notes

Levels and vault maps discovered:
D:1:      evilmike_arrival_come_back, layout_loops_cross, minmay_vboxes
D:2:      layout_basic, serial_shops, shop_coins
D:3:      layout_loops_ring, nicolae_overflow_crystal_walls,
          overflow_temple_1_default, makhleb_altar_promises_db,
          marbit_many_paths, grunt_temple_overflow_open,
          hellmonk_ecumenical_altar_crossroads, uniq_jessica,
          uniq_crazy_yiuf_cottage

Skill      XL: |  1  2  3  4 |
---------------+-------------+-----
Shields        | 4 |  4.5
Armour         | 4 |  4.0
Fighting       | 4 |  4.0
Axes           | |  2.8

Action                   |  1- 3 |  4- 6 || total
-------------------------+-------+-------++-------
Melee: War axe           |    85 |    78 ||   163
  Use: Scroll            |       |     5 ||     5
Armor: Scale mail        |    55 |    39 ||    94
Dodge: Dodged            |    53 |    51 ||   104
Block: Buckler           |    29 |    19 ||    48
